[Event "Early-Titled-Tuesday-Blitz-February-13-2024"]
[Site "Chess.com"]
[Date "2024.02.13"]
[Round "7"]
[White "TimGrutter03"]
[Black "masterofpuppets2"]
[Result "1-0"]
[WhiteElo "2647"]
[BlackElo "2452"]
[TimeControl "180+1"]
[EndTime "9:21:27 PST"]
[Termination "TimGrutter03 won by resignation"]

1. c4 e6 2. Nc3 d5 3. cxd5 exd5 4. d4 Bb4 5. Qa4+ Nc6 6. e3 Bf5 7. Bb5 Bxc3+ 8. bxc3 Ne7 9. Ba3 O-O 10. Nf3 Bd7 11. O-O Re8 12. Qc2 Bf5 13. Qe2 Ng6 14. c4 Be4 15. Nd2 Bxg2 16. Rfe1 Qg5 17. f4 Nxf4 18.
exf4 Rxe2 19. fxg5 Rxd2 20. Bc1 Rc2 21. Ba4 Rxc4 22. Bxc6 bxc6 23. Kxg2 Rxd4 24. Be3 Rc4 25. Rac1 Ra4 26. Re2 Ra6 27. Rec2 Re8 28. Bf2 Re5 29. h4 Re6 30. Rb1 h6 31. gxh6 Rxh6 32. Rb7 Rg6+ 33.
Kf1 Rf6 34. Kg2 Rg6+ 35. Kh2 Rf6 36. Rxc7 Kh7 37. Kg2 Rg6+ 38. Kf1 Rf6 39. Ke1 Re6+ 40. Kd1 Rf6 41. Rxa7 Rxa7 42. Bxa7 Rf1+ 43. Ke2 Rh1 44. Bf2 Rh3 45. Rxc6 Ra3 46. Rc2 Kg6 47. Bc5 Ra4 48.
a3 Kf5 49. Bb4 Ra6 50. Rc7 Kg6 51. Rd7 Re6+ 52. Kf3 Re4 53. h5+ Kxh5 54. Rxd5+ f5 55. Rxf5+ Kg6 56. Kxe4 1-0

[Event "Early-Titled-Tuesday-Blitz-February-13-2024"]
[Site "Chess.com"]
[Date "2024.02.13"]
[Round "7"]
[White "Beca95"]
[Black "edgarhay012"]
[Result "0-1"]
[WhiteElo "2901"]
[BlackElo "2635"]
[TimeControl "180+1"]
[EndTime "9:21:28 PST"]
[Termination "edgarhay012 won by checkmate"]

1. d4 Nf6 2. Nf3 e6 3. Bg5 d5 4.
e3 c5 5. Nbd2 Nc6 6. c3 Be7 7. Bd3 Nd7 8. Bf4 Bf6 9. Bb5 O-O 10.
O-O e5 11. Bxc6 exf4 12. Bxd5 fxe3 13. fxe3 cxd4 14. exd4 Nc5 15. Bc4 Ne6 16. Re1 a6 17. Ne4 Be7 18. Bb3 b5 19. Qd2 Ra7 20. Ne5 Qb6 21. Kh1 a5 22. Ng3 Bg5 23. Qf2 b4 24. Ne4 Be7 25. Re3 bxc3 26. bxc3 a4 27. Bc4 Rc7 28. d5 Ng5 29. Qe2 Nxe4 30. Rxe4 Bf6 31. Nc6 Qc5 32. Rf1 Bb7 33. Rxf6 gxf6 34. Bb5 Qxd5 35.
Ne7+ Rxe7 36. Rxe7 Rd8 37. h3 Qd1+ 38. Kh2 Qxe2 39.
Rxe2 a3 40. c4 Bc8 41. Re3 Rd2 42. Rxa3 Bb7 43. Rg3+ Kf8 44. a4 Ke7 45. Kg1 Kd6 46. Rg7 Kc5 47. g4 Rg2+ 48. Kf1 Rh2 49. Rxh7 Be4 50. Rxf7 Kd4 51. Re7 Rxh3 52. Kf2 Rf3+ 53. Kg2 Ra3+ 54. Kh2 Ra1 55. Re6 f5 56. g5 f4 57. g6 Rh1# 0-1

[Event "Early-Titled-Tuesday-Blitz-February-13-2024"]
[Site "Chess.com"]
[Date "2024.02.13"]
[Round "7"]
[White "theoneandonlydaaevik"]
[Black "Goryachkina"]
[Result "1/2-1/2"]
[WhiteElo "2515"]
[BlackElo "2693"]
[TimeControl "180+1"]
[EndTime "9:21:28 PST"]
[Termination "Game drawn by agreement"]

1. Nf3 c5 2. g3 Nc6 3. Bg2 g6 4. c4 Bg7 5. Nc3 d6 6. O-O h5 7. h3 Nh6 8. a3 Bd7 9. Rb1 Qc8 10.
h4 Bh3 11. Nd5 Bxg2 12. Kxg2 Nf5 13. b4 b6 14. e3 e6 15. Nf4 O-O 16. Bb2 Ne5 17.
d3 Rd8 18. e4 Nh6 19. b5 Qb7 20. Qe2 Nhg4 21. Rfd1 a6 22. a4 axb5 23. axb5 Ra2 24. Ng5 Rda8 25. f3 Nf6 26. Rd2 R2a4 27. Nfh3 Nfd7 28. Nf2 Nf8 29. f4 Ned7 30. Bxg7 Kxg7 31. Nf3 e5 32. f5 Nf6 33. fxg6 fxg6 34. Qe3 Ne6 35.
Nh3 Ng4 36. Qe2 Rf8 37. Nhg5 Nxg5 38. Nxg5 Qd7 39. Rf1 Rxf1 40. Kxf1 Ra8 41. Kg2 Rf8 42.
Rd1 Qe7 43. Rf1 Rxf1 44. Kxf1 Qf6+ 45. Kg2 Kg8 46. Qf3 Qxf3+ 47. Kxf3 Kf8 48. Ke2 1/2-1/2

[Event "Early-Titled-Tuesday-Blitz-February-13-2024"]
[Site "Chess.com"]
[Date "2024.02.13"]
[Round "7"]
[White "mbojan"]
[Black "Bigfish1995"]
[Result "0-1"]
[WhiteElo "2867"]
[BlackElo "3162"]
[TimeControl "180+1"]
[EndTime "9:21:31 PST"]
[Termination "Bigfish1995 won on time"]

1. d4 d5 2. Nf3 c5 3. c4 cxd4 4. cxd5 Nf6 5. Qa4+ Qd7 6. Qxd4 Qxd5 7. Nc3 Qxd4 8. Nxd4 a6 9. e4 e5 10. Nb3 Nc6 11. f3 Be6 12. Be3 Rc8 13. Nc5 Bxc5 14.
Bxc5 Nd7 15. Be3 O-O 16. a3 Bb3 17. Be2 Nd4 18. Bd1 Nc5 19. Bxb3 Ncxb3 20. Rd1 Nc2+ 21. Kf2 Nxa3 22. Rd7 b5 23. Rhd1 Nc4 24. Nd5 Kh8 25. h4 Nxb2 26. Rb1 Nc5 27. Bxc5 Nd3+ 28. Ke3 Nxc5 29.
Ra7 f6 30. Rc1 Ne6 31. Rxc8 Rxc8 32. Rxa6 Nd4 33. Ra7 h5 34. Ne7 Rc3+ 35. Kf2 Kh7 36. Rb7 Rc2+ 37. Kf1 Rb2 38. Nf5 Nxf5 39. exf5 b4 40.
Kg1 b3 41. Kh2 Rb1 42. Kg3 b2 43. Rb8 g6 44. Rb7+ Kh6 45. fxg6 Kxg6 46. Rb6 Kf7 47.
Rb7+ Ke6 48. Rb6+ Kd5 49. Kh2 f5 50. g4 e4 51. fxe4+ fxe4 52. g5 e3 53. g6 Kc5 54.
Rb8 e2 55. g7 Rh1+ 56. Kxh1 e1=Q+ 57. Kh2 Qe5+ 58. Kh3 Qxb8 0-1

[Event "Early-Titled-Tuesday-Blitz-February-13-2024"]
[Site "Chess.com"]
[Date "2024.02.13"]
[Round "7"]
[White "lucasran"]
[Black "DvaHrasta"]
[Result "0-1"]
[WhiteElo "2674"]
[BlackElo "2505"]
[TimeControl "180+1"]
[EndTime "9:21:31 PST"]
[Termination "DvaHrasta won by resignation"]

1. Nf3 d5 2. d4 c5 3. c4 dxc4 4. d5 Nf6 5. Nc3 a6 6. a4 e6 7. e4 exd5 8. exd5 Bd6 9. Bxc4 O-O 10. O-O Bg4 11. Be2 Re8 12. h3 Bh5 13. Be3 Nbd7 14.
Nd2 Bxe2 15. Qxe2 Ne5 16. Rfd1 Rc8 17. f4 Ng6 18. Qf3 Rxe3 19. Qxe3 Bxf4 20. Qf3 Bxd2 21.
Rxd2 Ne5 22. Qf4 Nfd7 23. Re1 f6 24. d6 Rc6 25. Qf5 Qe8 26. Kh1 g6 27. Qe4 Kg7 28.
Qd5 c4 29. Qe4 Nc5 30. Qd5 Ncd3 31. Ree2 Qf7 32. Qxf7+ Kxf7 33. Ne4 h6 34. Nf2 Rxd6 35. Nxd3 Rxd3 36. Rxd3 cxd3 37. Rd2 Ke6 38. Kg1 Kd5 39. Kf2 Kd4 40. Rd1 Nc4 41. Rb1 f5 42. Ke1 Ke3 43. Kd1 Kf2 44. b3 Ne5 45. Kd2 Kxg2 46. Ke3 g5 47. Kd4 Nf3+ 48. Kxd3 Kxh3 49. b4 f4 50. b5 g4 51. bxa6 bxa6 52. Rb6 g3 53. Rxh6+ Kg4 54. Rxa6 g2 55. Rg6+ Ng5 56. a5 g1=Q 57. a6 Qb1+ 58. Kc4 Qxg6 59. Kd5 Qxa6 0-1

[Event "Early-Titled-Tuesday-Blitz-February-13-2024"]
[Site "Chess.com"]
[Date "2024.02.13"]
[Round "7"]
[White "Austen48"]
[Black "Licancabur"]
[Result "0-1"]
[WhiteElo "2240"]
[BlackElo "2438"]
[TimeControl "180+1"]
[EndTime "9:21:31 PST"]
[Termination "Licancabur won on time"]

1. d4 d5 2. c4 dxc4 3. Nf3 Nf6 4. e3 Bg4 5. Bxc4 e6 6. Qb3 Bxf3 7. gxf3 Nbd7 8. Nd2 c5 9. Qxb7 cxd4 10. exd4 Be7 11.
Rg1 O-O 12. Qb3 Nb6 13. Qe3 Bb4 14. Bd3 Kh8 15. a3 Be7 16. Qg5 Rg8 17. Qh4 g6 18.
Nb3 Qd5 19. Bg5 Qxb3 20. Bxf6+ Bxf6 21. Qxf6+ Rg7 22. Rd1 Nd5 23. Qe5 f6 24. Qe2 Nf4 25. Qc2 Qb6 26. Be4 Rd8 27. Kf1 Rgd7 28. d5 exd5 29. Bd3 Re7 30. Qc3 Qd6 31. Qd4 Qe5 32. Qxe5 fxe5 33. b4 Rc7 34. Ke1 Rc3 35. Rg5 Rxd3 36.
Rxe5 Rxd1+ 37. Kxd1 Nd3 38. Re7 a6 39. Ke2 Nf4+ 40. Kd2 d4 41. Ra7 Rd6 42. a4 d3 43.
b5 axb5 44. axb5 Rb6 45. Ra8+ Kg7 46. Ra7+ Kh6 47. Rf7 g5 48. h4 Rxb5 49. hxg5+ Kxg5 50. Rg7+ Kf6 0-1

[Event "Early-Titled-Tuesday-Blitz-February-13-2024"]
[Site "Chess.com"]
[Date "2024.02.13"]
[Round "7"]
[White "Trendle"]
[Black "KaterynaLagno"]
[Result "1/2-1/2"]
[WhiteElo "2631"]
[BlackElo "2800"]
[TimeControl "180+1"]
[EndTime "9:21:32 PST"]
[Termination "Game drawn - insufficient material"]

1. f4 d5 2. Nf3 g6 3. g3 Bg7 4.
Bg2 c6 5. Nc3 Qb6 6. a4 a5 7. e3 h5 8. h3 Nh6 9. O-O Nf5 10. Kh2 Nd7 11. Ne2 Nf6 12. Ng5 Bd7 13. Ra3 Qc7 14. d3 e5 15. e4 dxe4 16. dxe4 Nh6 17. fxe5 Nhg4+ 18. hxg4 Nxg4+ 19. Kg1 Bxe5 20. Rxf7 O-O-O 21. Rd3 Qb6+ 22. Kf1 Nh2+ 23. Ke1 Bg4 24.
Be3 Qxb2 25. Qc1 Qb4+ 26. Bd2 Qxa4 27. Qb1 b5 28. Bc3 Rxd3 29. cxd3 Bxc3+ 30. Nxc3 Qd4 31.
Ne2 Qe3 32. Qc2 Bd7 33. e5 c5 34. e6 Be8 35. d4 c4 36. Qxg6 Ng4 37. Qf5 Bxf7 38.
exf7+ Kc7 39. f8=Q Rxf8 40. Qxf8 Qxg5 41. Qf7+ Kd6 42. Qf8+ Qe7 43. Qb8+ Ke6 44. Qxb5 Qb4+ 45. Qxb4 axb4 46. d5+ Kd6 47. Nf4 Ne3 48. Bf3 b3 49. Kd2 b2 50. Be4 Ke5 51. Bb1 Nxd5 52. Nxd5 Kxd5 53. Kc3 Ke5 54. Kxb2 Kf6 55. Kc3 Kg5 56. Kxc4 Kg4 57. Bg6 Kxg3 58. Bxh5 1/2-1/2

[Event "Early-Titled-Tuesday-Blitz-February-13-2024"]
[Site "Chess.com"]
[Date "2024.02.13"]
[Round "7"]
[White "DanielDardha2005"]
[Black "wqws"]
[Result "0-1"]
[WhiteElo "2896"]
[BlackElo "2674"]
[TimeControl "180+1"]
[EndTime "9:21:34 PST"]
[Termination "wqws won by resignation"]

1. d4 Nf6 2. Bg5 Ne4 3. h4 c5 4. dxc5 Nxg5 5. hxg5 Qa5+ 6. Nd2 Qxc5 7. g6 fxg6 8. e3 Nc6 9. Ngf3 d5 10. Bd3 Bf5 11. Bxf5 gxf5 12. Nh4 O-O-O 13. Nxf5 g6 14. Ng3 Bg7 15.
c3 Ne5 16. Qe2 h5 17. Rh4 Bf6 18. Rb4 h4 19. Ngf1 a6 20. Nb3 Qc7 21. O-O-O Nc6 22. Rg4 g5 23. Kb1 Kb8 24. Nfd2 e5 25. Ra4 Be7 26. e4 d4 27. Rc4 b5 28. Rxc6 Qxc6 29. cxd4 exd4 30. Nf3 d3 31. Rxd3 Rxd3 32. Qxd3 Rd8 33.
Qe2 Qc4 34. Qxc4 bxc4 35. Na5 Kc7 36. Nxc4 Rd1+ 37. Kc2 Rf1 38. Ne3 Rxf2+ 39. Kd3 Bc5 40. Nd5+ Kb7 41. b4 Ba7 42. e5 h3 43. e6 hxg2 44.
Ng1 Kc6 45. e7 Kd7 46. a4 Rf1 47. Ne2 g1=Q 48. Nxg1 Rxg1 49. b5 axb5 50. axb5 Rd1+ 51. Ke4 Rxd5 52. Kxd5 Kxe7 53. Ke5 Kd7 54. Kf5 Be3 55.
b6 Kc6 56. Ke4 Bf4 57. Kf5 Kxb6 0-1

[Event "Early-Titled-Tuesday-Blitz-February-13-2024"]
[Site "Chess.com"]
[Date "2024.02.13"]
[Round "7"]
[White "shimastream"]
[Black "deribas12345"]
[Result "1-0"]
[WhiteElo "2990"]
[BlackElo "2606"]
[TimeControl "180+1"]
[EndTime "9:21:34 PST"]
[Termination "shimastream won by resignation"]

1. e4 e6 2. d4 d5 3. e5 c5 4. Nf3 Nc6 5. Bd3 Nb4 6. Be2 Bd7 7. c3 Nc6 8. O-O c4 9. Re1 b5 10. b3 Rb8 11. a4 a6 12. axb5 axb5 13. Nbd2 Nge7 14.
Ba3 Ng6 15. Bxf8 Kxf8 16. Qc1 Nf4 17. Bf1 Qe7 18. g3 Ng6 19. Be2 h6 20. Bd1 Kg8 21. Bc2 Qf8 22. Ra6 Be8 23. Qa1 Nge7 24. Rb1 g6 25. bxc4 bxc4 26. Rxb8 Nxb8 27. Ra8 Nec6 28. h4 Kg7 29. Nh2 Qe7 30. Ng4 Nd7 31. Ra6 h5 32. Nh2 Ncb8 33. Ra7 Qd8 34. Nhf3 Qb6 35. Ng5 Nc6 36.
Ra6 Qb7 37. Nf1 Rf8 38. Ne3 Ndxe5 39. dxe5 Nxe5 40. Nxe6+ Kg8 41. Ra7 Qc6 42. Nd4 Qf6 43. Qa3 Nf3+ 44. Nxf3 Qxf3 45. Qc5 d4 46. Qxd4 Bc6 47.
Kf1 Qh1+ 48. Ke2 Qf3+ 49. Ke1 Re8 50. Rc7 Qh1+ 51. Kd2 Qf3 52. Qf4 Rd8+ 53. Kc1 Be8 54. Qxf3 Ra8 55. Qxa8 1-0

[Event "Early-Titled-Tuesday-Blitz-February-13-2024"]
[Site "Chess.com"]
[Date "2024.02.13"]
[Round "7"]
[White "Karttunen"]
[Black "kids2010"]
[Result "0-1"]
[WhiteElo "2631"]
[BlackElo "2832"]
[TimeControl "180+1"]
[EndTime "9:21:34 PST"]
[Termination "kids2010 won by resignation"]

1. e4 c6 2. d4 d5 3. e5 Bf5 4. h4 h5 5. Bd3 Bxd3 6. Qxd3 Qa5+ 7. Nd2 e6 8. c4 Ne7 9. b3 Nf5 10. Ne2 Be7 11. O-O Nd7 12. a4 Nxh4 13. Ng3 g6 14. Ba3 Qd8 15. Bxe7 Qxe7 16. cxd5 cxd5 17. Rac1 Nf5 18. Nxf5 gxf5 19. Rc7 Rg8 20. Nf3 Rd8 21. Rxb7 h4 22. Kh2 f6 23. Re1 Qg7 24. Nxh4 fxe5 25. dxe5 Qg5 26. g3 f4 27. Rxa7 Rg7 28. Re2 Kf8 29. Qf3 Nxe5 30. Rxe5 Qxe5 31. Rxg7 Qxg7 32. Qxf4+ Kg8 33. Nf3 Rf8 34. Qe3 Qh7+ 35. Kg2 Qf5 36. a5 Ra8 37. b4 Kf7 38. Qc5 Rf8 39. Qc7+ Kg8 40. Qc3 Qe4 41. Qe3 Qxb4 42. Qxe6+ Rf7 43. Qxd5 Qb7 44. Qg5+ Kf8 45. Qh6+ Kg8 46. Qg6+ Kf8 47.
Qd3 Qc6 48. a6 Ra7 49. Qd4 Rxa6 50. Qf4+ Ke7 51. Qe5+ Kd7 52. Qd4+ Kc8 53. Qh8+ Kb7 54. Qb2+ Ka8 55. Qh8+ Ka7 56. Qd4+ Kb8 57. g4 Ra4 58. Qe5+ Kb7 59. Qg7+ Ka6 60. Kg3 Re4 61. Qf6 Qxf6 0-1

[Event "Early-Titled-Tuesday-Blitz-February-13-2024"]
[Site "Chess.com"]
[Date "2024.02.13"]
[Round "7"]
[White "Canal_Showdrez"]
[Black "arnash_bauyrzhan"]
[Result "1-0"]
[WhiteElo "2085"]
[BlackElo "2248"]
[TimeControl "180+1"]
[EndTime "9:21:34 PST"]
[Termination "Canal_Showdrez won by resignation"]

1. d4 d5 2. Nf3 Nf6 3. e3 e6 4. Bd3 Be7 5. c3 O-O 6. Nbd2 b6 7. O-O Bb7 8. Ne5 Nbd7 9. f4 c5 10. Qf3 a6 11. g4 Nxe5 12. fxe5 Nd7 13. Qh3 h6 14. Nf3 b5 15. Kh1 b4 16. Rg1 Bg5 17.
Bd2 cxd4 18. cxd4 a5 19. Qg3 Ba6 20. Bc2 Be2 21. Nxg5 Qxg5 22. h4 Qe7 23. Rg2 Rac8 24. Rc1 Bb5 25. e4 dxe4 26. g5 h5 27. g6 Bd3 28.
Bxd3 Rxc1+ 29. Bxc1 exd3 30. Qxd3 f6 31. Qd2 fxe5 32. Qd1 exd4 33. Qxh5 Rf1+ 34. Rg1 Rxg1+ 35. Kxg1 Qf6 36. Qh7+ Kf8 37. Qh8+ Ke7 38. Bg5 Qxg5+ 39.
hxg5 Kd6 40. Qxg7 d3 41. Qd4+ Ke7 42. Qxd3 Ne5 43. Qe3 Nxg6 44. Qa7+ Kd6 45. Qxa5 e5 46. Qa6+ Kd5 47. Qxg6 Kd4 48. Qf5 e4 49. g6 e3 50.
Qf1 e2 51. Qxe2 b3 52. g7 bxa2 53. g8=Q a1=Q+ 54. Qf1 Qa7 55. Qf2+ Kd3 56. Qxa7 Kc2 57. b4 Kb1 58. b5 Kb2 59. b6 1-0

[Event "Early-Titled-Tuesday-Blitz-February-13-2024"]
[Site "Chess.com"]
[Date "2024.02.13"]
[Round "7"]
[White "LangesNasenhaar"]
[Black "JaackCamel"]
[Result "1-0"]
[WhiteElo "2447"]
[BlackElo "2208"]
[TimeControl "180+1"]
[EndTime "9:21:36 PST"]
[Termination "LangesNasenhaar won by resignation"]

1. d4 d5 2. Nc3 e6 3. Bf4 Bd6 4. e3 Nf6 5. Qf3 O-O 6. Bd3 b6 7. g4 Bb7 8. g5 Ne4 9. Nxe4 dxe4 10. Bxe4 Bxe4 11. Qxe4 Nd7 12. Nf3 Bxf4 13. Qxf4 c5 14. c3 cxd4 15. cxd4 Rc8 16. O-O Rc2 17. b3 Qc8 18.
Qe4 Qc7 19. Ne1 Rc6 20. Nd3 Rc8 21. Rac1 Qd6 22. Rxc6 Rxc6 23. Rc1 Rxc1+ 24. Nxc1 Qa3 25. Qc2 Nf8 26. Qc8 b5 27. Nd3 Qxa2 28. Nc5 Qb1+ 29.
Kg2 Qf5 30. f4 Qg4+ 31. Kf2 Qh4+ 32. Kf3 Qh3+ 33. Ke2 Qg2+ 34. Kd3 Qd5 35. h4 a5 36. h5 b4 37. Qe8 Qd6 38. h6 Qd5 39. e4 Qd6 40. Kc4 gxh6 41. gxh6 Qxf4 42. Kb5 Qxh6 43. Nd7 Qg7 44. e5 f5 45. Nf6+ Kh8 46. Kxa5 h5 47. Qxh5+ Nh7 48. Qe8+ Nf8 49. Qh5+ Nh7 50. Qh4 Qa7+ 51.
Kxb4 Qb6+ 52. Kc3 Qc7+ 53. Kb2 Qb7 54. Qxh7+ Qxh7 55. Nxh7 Kxh7 56. b4 f4 57. Kc3 Kg6 58. b5 Kf5 59. b6 Kg4 60. b7 f3 61. b8=Q f2 62. Qf8 Kg3 63. Kc4 Kg2 64. Kc5 1-0

[Event "Early-Titled-Tuesday-Blitz-February-13-2024"]
[Site "Chess.com"]
[Date "2024.02.13"]
[Round "7"]
[White "cthulhuuu"]
[Black "GasconJR"]
[Result "0-1"]
[WhiteElo "2433"]
[BlackElo "2564"]
[TimeControl "180+1"]
[EndTime "9:21:37 PST"]
[Termination "GasconJR won on time"]

1. e4 c5 2. Nf3 Nc6 3. g3 g6 4. Bg2 Bg7 5. O-O e5 6. d3 Nge7 7. Nc3 O-O 8. Nd2 d6 9. Nc4 h6 10. a4 Rb8 11. Nb5 Be6 12. Nbxd6 a6 13. a5 Qd7 14. c3 Kh7 15. f4 f5 16. Be3 Rfd8 17. Bxc5 Ng8 18. exf5 gxf5 19. Nb6 Qc7 20. fxe5 Nxe5 21.
d4 Ng4 22. Qd3 Rxd6 23. Bxd6 Qxd6 24. Rxf5 Bxf5 25. Qxf5+ Qg6 26. Qf4 Rf8 27. Be4 Rxf4 28. Bxg6+ Kxg6 29. gxf4 Kf5 30. Nc4 N8f6 31. Nd6+ Kxf4 32.
Nxb7 Ne4 33. Rf1+ Ke3 34. Nc5 Nd2 35. Re1+ Kf3 36. Nxa6 Bf6 37. Nc5 Bh4 38. Re8 Bf2+ 39. Kh1 Be3 40. Nd3 Ke2 41. Nf4+ Kf1 42. Nh3 Nf3 43.
Rf8 Ke2 44. a6 Ng5 45. Nxg5 hxg5 46. a7 Bf4 47. a8=Q Kf1 48. Rxf4+ gxf4 49. Qf3+ Nf2+ 50. Qxf2+ Kxf2 51. d5 f3 52. d6 Ke2 53. d7 f2 54.
Kg2 f1=Q+ 55. Kg3 Qf8 0-1

[Event "Early-Titled-Tuesday-Blitz-February-13-2024"]
[Site "Chess.com"]
[Date "2024.02.13"]
[Round "7"]
[White "GMKrikor"]
[Black "jk13"]
[Result "0-1"]
[WhiteElo "2861"]
[BlackElo "2679"]
[TimeControl "180+1"]
[EndTime "9:21:38 PST"]
[Termination "jk13 won on time"]

1. Nf3 d5 2. c4 e6 3. d4 Nf6 4.
cxd5 exd5 5. Nc3 c6 6. Bf4 Bd6 7. Bxd6 Qxd6 8. e3 O-O 9. Qb3 Re8 10. Bd3 Nbd7 11. O-O Ne4 12. Qc2 Qe7 13. b4 Ndf6 14. Rab1 a6 15. a4 Bf5 16. Nd2 Nxd2 17.
Qxd2 Bxd3 18. Qxd3 h5 19. h3 Red8 20. Qf5 Rac8 21.
Rfc1 g6 22. Qg5 Qe6 23. Qf4 Kg7 24. Rc2 Ne4 25. Nxe4 dxe4 26. Rc5 Rd5 27. Rbc1 Rcd8 28. h4 R8d7 29. Qb8 Qe7 30. Qf4 Qe6 31. R1c2 Rd8 32. g3 R8d7 33. Kh2 Rd8 34. Kg2 R8d7 35. Rxd5 Rxd5 36. Rc5 Qe7 37. a5 Qe6 38. Qc7 Rd7 39. Qe5+ Qxe5 40. Rxe5 f5 41. Rc5 Kf6 42. f3 Re7 43.
Kf2 exf3 44. Kxf3 Ke6 45. e4 fxe4+ 46. Kxe4 Kd6+ 47. Kd3 Rf7 48. Rg5 Rf6 49. Ke4 Ke6 50. d5+ cxd5+ 51. Rxd5 Rf1 52. Rg5 Kf6 53. Kd4 Rc1 54.
Kd5 Rc3 55. Kd4 Rc1 56. Rc5 Rb1 57. Kc3 Rc1+ 58. Kd4 Rb1 59. Rc4 Rb3 60. Kc5 Rxg3 61. Kb6 Rg4 0-1

[Event "Early-Titled-Tuesday-Blitz-February-13-2024"]
[Site "Chess.com"]
[Date "2024.02.13"]
[Round "7"]
[White "LeoLV10"]
[Black "IngOscarArdila"]
[Result "0-1"]
[WhiteElo "2513"]
[BlackElo "2301"]
[TimeControl "180+1"]
[EndTime "9:21:39 PST"]
[Termination "IngOscarArdila won by resignation"]

1. e4 e5 2. Nf3 Nf6 3. Nxe5 d6 4. Nf3 Nxe4 5. d4 Be7 6. Bd3 d5 7. O-O Nc6 8. c4 Nb4 9. cxd5 Nxd3 10. Qxd3 Qxd5 11.
Re1 Bf5 12. Nc3 Nxc3 13. Qxc3 Qd6 14. Qb3 Qb6 15. Bg5 f6 16. Qe3 Qd6 17. Bf4 Qd7 18.
d5 Kf7 19. Nd4 Rae8 20. Qb3 Bd6 21. Bxd6 cxd6 22. Nxf5 Qxf5 23. Qxb7+ Kg6 24. Qc6 Re5 25. Rxe5 Qxe5 26. Qc2+ f5 27. Rd1 Rb8 28. b3 Rb5 29. Qd3 Ra5 30. a4 Rc5 31. g3 Rc3 32. Qb5 f4 33.
Qd7 f3 34. Qg4+ Kf6 35. h4 h5 36. Qb4 Rc2 37. Rf1 Qxd5 38. Qf4+ Qf5 39. Qd4+ Kg6 40. Qxd6+ Kh7 41. Qd1 Re2 42. Kh2 Re4 43. Rg1 Qf6 44.
Qd3 Qf5 45. Re1 Rxh4+ 46. gxh4 Qxd3 47. Kg3 Qxb3 48. Re4 a5 49. Rf4 g6 50. Re4 Kh6 51. Rf4 Qc2 52. Rxf3 Qxa4 53. Rf4 Qb5 54. Rf8 a4 55.
Rh8+ Kg7 56. Ra8 Qb4 57. f4 Qb3+ 58. Kg2 a3 59. f5 Qb2+ 60. Kg3 gxf5 61. Ra7+ Kf6 62.
Kf4 Qd4+ 63. Kf3 Qxa7 0-1

[Event "Early-Titled-Tuesday-Blitz-February-13-2024"]
[Site "Chess.com"]
[Date "2024.02.13"]
[Round "7"]
[White "Evgeny81"]
[Black "lilleper1"]
[Result "1-0"]
[WhiteElo "2751"]
[BlackElo "2964"]
[TimeControl "180+1"]
[EndTime "9:21:41 PST"]
[Termination "Evgeny81 won by resignation"]

1. Nf3 Nf6 2. c4 c5 3. g3 Nc6 4. Bg2 g6 5. O-O Bg7 6. Nc3 O-O 7. d3 d6 8. a3 Rb8 9. Rb1 b6 10. b4 Bb7 11. Bd2 e6 12. Re1 Qe7 13. Qa4 Rbc8 14.
bxc5 dxc5 15. Bf4 Rfd8 16. Nb5 Rd7 17. h3 e5 18. Bg5 h6 19. Bxf6 Qxf6 20. Nc3 Qd8 21. Nd5 Ne7 22. e4 Nc6 23. h4 Kh8 24. Bh3 f5 25. exf5 Rf7 26. f6 Bxf6 27. Bxc8 Qxc8 28.
Kh2 Bg7 29. Re3 Qg4 30. Qd1 Bc8 31. Kg1 Qf5 32. Qe2 Kh7 33. Re1 Rf8 34. Re4 Qf7 35. Kg2 Bf5 36. g4 Bxe4 37. Qxe4 Nd4 38. Re3 Kh8 39.
Nc3 Ne6 40. Nd5 Kg8 41. Re2 Nf4+ 42. Nxf4 exf4 43. Qe6 Rd8 44. Qe4 Qd7 45. Qxg6 Rf8 46. Qe6+ Qxe6 47. Rxe6 Rd8 48. Ne1 Bc3 49. Nf3 Bg7 50.
Ne5 a6 51. Nc6 Rc8 52. Ne7+ Kf7 53. Nxc8 Kxe6 54. Nxb6 Ke5 55. Nd5 Bf8 56. Kf3 Bd6 57. Nxf4 Kd4 58. g5 hxg5 59. hxg5 Be5 60. g6 Kc3 61. Ke4 Bd4 62. Ne6 1-0

[Event "Early-Titled-Tuesday-Blitz-February-13-2024"]
[Site "Chess.com"]
[Date "2024.02.13"]
[Round "7"]
[White "Elegance_Riks"]
[Black "Tolyanius"]
[Result "0-1"]
[WhiteElo "2750"]
[BlackElo "2515"]
[TimeControl "180+1"]
[EndTime "9:21:41 PST"]
[Termination "Tolyanius won by resignation"]

1. Nf3 g6 2. g3 Bg7 3. Bg2 c5 4. O-O Nc6 5. d3 e6 6. e4 Nge7 7. c4 d6 8. Nc3 a6 9. Ne1 Nd4 10.
Nc2 Rb8 11. Nxd4 cxd4 12. Ne2 b5 13. b3 O-O 14. f4 f5 15. h3 Bb7 16. Bb2 bxc4 17.
Bxd4 Bxd4+ 18. Nxd4 Qb6 19. dxc4 Nc6 20. Rf2 Nxd4 21. exf5 Nxf5 22. Qd3 Bxg2 23. Kxg2 e5 24. Qd5+ Kh8 25. Qd3 Rbe8 26. Re1 Qc6+ 27. Kg1 e4 28. Qc3+ Kg8 29. Rfe2 d5 30. Qb4 d4 31. c5 Qd5 32.
Rc2 d3 33. Qc4 Qxc4 34. Rxc4 d2 35. Rd1 e3 36. Rc2 e2 37. Rcxd2 exd1=Q+ 38. Rxd1 Rc8 39. b4 Rf7 40. g4 Ne3 41. Rd3 Nc2 42. a3 Rxf4 43. Rd2 Nxb4 44. axb4 Rxb4 45. Rd5 Rb5 46. Rd6 a5 47. c6 Rb6 48. Rd7 Rbxc6 49. Ra7 Rc1+ 50. Kf2 Ra1 51. Ke3 a4 52. Ke4 a3 53.
Kf4 a2 54. Kg5 Rc2 55. Kh6 Rh1 56. Ra8+ Kf7 57. Ra7+ Ke6 58. Kxh7 Rc7+ 59. Rxc7 a1=Q 60.
Rc6+ Kd7 61. Rxg6 Rxh3+ 62. Kg8 Rh8+ 63. Kf7 Qf1+ 64. Rf6 Rf8+ 65. Kxf8 Qxf6+ 66. Kg8 Qg6+ 67. Kf8 Qxg4 68. Kf7 Qf4+ 69. Kg6 Ke7 0-1

[Event "Early-Titled-Tuesday-Blitz-February-13-2024"]
[Site "Chess.com"]
[Date "2024.02.13"]
[Round "7"]
[White "bylavochka"]
[Black "ansko1999"]
[Result "0-1"]
[WhiteElo "2318"]
[BlackElo "2658"]
[TimeControl "180+1"]
[EndTime "9:21:41 PST"]
[Termination "ansko1999 won by resignation"]

1. e4 d6 2. d4 Nf6 3. Nc3 c6 4. Bg5 Nbd7 5. Qd2 e5 6. dxe5 dxe5 7.
O-O-O Be7 8. Nf3 Qc7 9. Nh4 h6 10. Be3 Ng4 11. Nf5 Nxe3 12. fxe3 Bf8 13. Bc4 Nb6 14. Bb3 Bxf5 15. exf5 Be7 16. Ne4 Rd8 17. Qe2 Nd5 18. h4 Qb6 19. Rh3 Nf6 20. Nxf6+ Bxf6 21. Qh5 Rxd1+ 22. Kxd1 Qd8+ 23. Kc1 Qe7 24. e4 a5 25. a4 Rf8 26. Kb1 Qc5 27. g4 Qg1+ 28. Ka2 Qd1 29. Rd3 Qe2 30. Rd6 Ke7 31. Rd3 Qxe4 32. g5 hxg5 33. hxg5 b5 34. gxf6+ gxf6 35. axb5 a4 36. Bxa4 Qxa4+ 37. Ra3 Qc4+ 38. Kb1 Qf1+ 39.
Ka2 Qc4+ 40. Kb1 Qf1+ 41. Ka2 Qxb5 42. Ra7+ Kd6 43. Qd1+ Qd5+ 44. Qxd5+ Kxd5 45. b4 e4 46. Kb3 e3 47. Re7 Kd4 48. c3+ Kd3 49. c4 e2 50.
b5 cxb5 51. cxb5 Kd2 52. Rd7+ Ke1 53. Re7 Kf2 54. b6 e1=Q 55. Rxe1 Kxe1 56. Kc4 Rb8 57. Kc5 Kf2 58. Kc6 Kf3 59. Kc7 Rf8 60. b7 Kf4 61. b8=Q Rxb8 62. Kxb8 Kxf5 63. Kc8 Ke6 64. Kd8 f5 65. Ke8 f4 0-1

[Event "Early-Titled-Tuesday-Blitz-February-13-2024"]
[Site "Chess.com"]
[Date "2024.02.13"]
[Round "7"]
[White "JonaszBaum"]
[Black "Igor_Lysyj"]
[Result "0-1"]
[WhiteElo "2655"]
[BlackElo "2860"]
[TimeControl "180+1"]
[EndTime "9:21:42 PST"]
[Termination "Igor_Lysyj won by resignation"]

1. e4 e5 2. Nf3 Nc6 3. Bb5 a6 4. Ba4 Nf6 5. O-O Nxe4 6. d4 b5 7. Bb3 d5 8. dxe5 Be6 9. c3 Be7 10. Nbd2 Qd7 11. Bc2 Bf5 12. Nb3 Bg6 13. Be3 O-O 14.
Nfd4 Nxe5 15. f3 Nc4 16. Bf4 Nf6 17. Bxg6 hxg6 18. Qc1 c5 19. Nc2 Qc6 20. Nd2 Rfe8 21.
Nxc4 bxc4 22. Re1 Bd6 23. Bxd6 Qxd6 24. Qd2 Qb6 25. Rab1 Rad8 26. Kh1 Rxe1+ 27. Nxe1 d4 28. Nc2 Qa5 29. a3 Nd5 30. Rd1 d3 31. Ne3 Nxe3 32. Qxe3 Qa4 33. Rd2 Re8 34. Qf2 Qc6 35. h3 a5 36. Rd1 a4 37. Rd2 Re5 38. Qg3 Qe6 39. Kh2 Re2 40. Qb8+ Kh7 41. Qf4 Qe5 42. Qxe5 Rxe5 43.
Kg3 Re1 44. Kf2 Rc1 45. Ke3 g5 46. Kf2 f5 47. Ke3 f4+ 48. Kf2 Kg6 49. g4 fxg3+ 50. Kxg3 Rc2 51. Rd1 Rxb2 52. f4 Rb3 53. Kf3 gxf4 54.
Kxf4 Rxc3 55. Ke4 Rxa3 56. Kd5 Rc3 57. Kxc5 Rc2 58. Kb4 d2 59. Kxa4 c3 0-1